 Dungeon Crawl Stone Soup version 0.30.1-4-g462c640d31 (webtiles) character file.

Game seed: 686189063197772688

306 spardeous the Magician (level 6, 0/40 HPs)
             Began as a Djinni Conjurer on Aug 27, 2023.
             Slain by an orc
             ... wielding a +0 hand axe
              (3 damage)
             ... on level 4 of the Dungeon.
             The game lasted 00:02:31 (3245 turns).

spardeous the Magician (Djinni Conjurer)            Turns: 3245, Time: 00:02:31

Health: 0/40       AC:  5    Str:  5 (8)  XL:     6   Next: 67%
Gold:   163        EV:  8    Int: 17 (20) God:
                   SH:  2    Dex:  8 (11)

rFire   + + .        r - +1 sling (elec)
rCold   x . .        m - +0 buckler
rNeg    . . .        p - +0 ring mail
rPois   ∞            (no helmet)
rElec   .            (no cloak)
rCorr   .            (no gloves)
SInv    .            (boots unavailable)
Will    .....        (no amulet)
Stlth   +            (no ring)
HPRegen 0.26/turn    (no ring)
MPRegen 0.00/turn

%: infuse magic (-1 HP)
@: flying
A: sickness immunity, fire resistance 2, cold vulnerability 1, float, innate
caster, HP casting, extra vitality 1
a: no special abilities


You were on level 4 of the Dungeon.
You visited 1 branch of the dungeon, and saw 4 of its levels.

You collected 163 gold pieces.

Inventory:

Hand Weapons
 l - a +2 dagger of holy wrath
 r - a +1 sling of electrocution (weapon)
Armour
 a - a +0 robe
 m - a +0 buckler (worn)
 p - a +0 ring mail (worn)
Scrolls
 b - a scroll of torment {unknown}
 c - a scroll of fog {unknown}
 d - 3 scrolls of identify {unknown}
 f - a scroll of magic mapping {unknown}
 g - 3 scrolls of teleportation {unknown}
 h - a scroll of fear {unknown}
 j - 2 scrolls of poison {unknown}
 k - a scroll of enchant weapon {unknown}
 t - a scroll of blinking {unknown}
Potions
 e - a potion of heal wounds {unknown}
 i - a potion of curing {unknown}
 n - a potion of degeneration
 o - 2 potions of mutation {unknown}
 q - a potion of attraction {unknown}
 s - 2 potions of haste {unknown}
 u - a potion of flight {unknown}


   Skills:
 - Level 2.1 Dodging
 - Level 1.5 Stealth
 + Level 5.8 Spellcasting


You knew the following spells:

 Your Spells              Type           Power      Damage    Failure   Level
a - Magic Dart            Conj           100%       1d8       11%         1
b - Searing Ray           Conj           50%        2d6       16%         2
c - Dazzling Flash        Conj/Hex       50%        N/A       32%         3
d - Fulminant Prism       Conj/Hex       12%        3d8       71%         4
e - Iskenderun's Mystic   Conj/Tloc      25%        2d7       71%         4
f - Apportation           Tloc           50%        N/A       11%         1
g - Lesser Beckoning      Tloc           50%        N/A       16%         2
Your spell library was empty.

Dungeon Overview and Level Annotations

Branches:
Dungeon (4/15)
 Temple: D:4-7

Altars:

Shops:
D:3 [

Portals:
Abyss: D:3

Annotations:
D:3 2 transporters, riellis1's ghost, amateur FoHu
D:4 Grinder


Innate Abilities, Weirdness & Mutations

You are immune to sickness and miasma.
You are immune to poison.
Your flesh is very heat resistant. (rF++)
You are vulnerable to cold. (rC-)
You float through the air rather than walking.
You learn spells naturally, not from books.
Your magical power is your life essence.
You have superior vitality. (+4 MHP)


Message History

The orc is almost dead.
The searing ray hits the orc!
You kill the orc! (Press . to maintain the ray.)
* * * LOW HITPOINT WARNING * * *
Grinder blinks!
The orc barely misses you.
You take 2 damage, and have 13/40 hp.
The searing ray hits the orc.
You kill the orc!
The searing ray hits the orc but does no damage.
* * * LOW HITPOINT WARNING * * *
You take 1 damage, and have 12/40 hp.
Unknown command.
The searing ray hits the adder!
You kill the adder!
The searing ray misses the orc.
* * * LOW HITPOINT WARNING * * *
Unknown command.
The searing ray hits the orc but does no damage.
* * * LOW HITPOINT WARNING * * *
You finish channelling your searing ray.
You take 1 damage, and have 11/40 hp.
Unknown command.
The orc attacks as you move away! The orc hits you with a +0 hand axe.
* * * LOW HITPOINT WARNING * * *
You take 5 damage, and have 7/40 hp.
The orc attacks as you move away! The orc hits you with a +0 hand axe.
* * * LOW HITPOINT WARNING * * *
You take 4 damage, and have 3/40 hp.
Casting: Searing Ray (safe; 8% risk of failure)
Confirm with . or Enter, or press ? or * to list all spells.
Aiming: Searing Ray (safe; 8% risk of failure)
Press: ? - help, Shift-Dir - straight line, f - orc
Aim: an orc, wielding a +0 hand axe and wearing a +0 chain mail (85% to hit)
Okay, then.
It was a potion of degeneration.
There was something very wrong with that liquid.
You feel weakened.
You feel dopey.
You feel clumsy. The orc hits you with a +0 hand axe.
You die...

#############
#####.....o@....#
#)))..#########.#
#..##### #.#
....# #.# ....##
#.# ... #.# ..
####.# .. ##....#
#÷# ##..####


You could see an orc.

Vanquished Creatures
  An ogre (D:4)
  An iguana (D:4)
  2 orc wizards (D:4)
  6 adders
  A worm (D:2)
  A dart slug (D:1)
  8 orcs
  6 endoplasms
  2 giant cockroaches
  10 hobgoblins
  9 kobolds
  A quokka (D:1)
  5 ball pythons
  9 bats
  3 frilled lizards
  11 goblins
  6 rats
82 creatures vanquished.

Notes
Turn   | Place    | Note
-------+----------+-------------------------------------------
     0 | D:1      | spardeous the Djinni Conjurer began the quest for the Orb.
     0 | D:1      | spardeous set off with the following spells memorised:
                  | Magic Dart, Searing Ray, Dazzling Flash, Fulminant Prism,
                  | Iskenderun's Mystic Blast.
     0 | D:1      | Reached XP level 1. HP: 15/15 MP: 0/0
   150 | D:1      | Reached XP level 2. HP: 21/21 MP: 0/0
   386 | D:1      | Reached XP level 3. HP: 21/25 MP: 0/0
   386 | D:1      | Learned a level 1 spell: Apportation
   437 | D:1      | Reached skill level 4 in Spellcasting
  1083 | D:2      | Reached XP level 4. HP: 29/31 MP: 0/0
  1763 | D:3      | Found Vuloen's Armour Emporium.
  1828 | D:3      | Noticed a toenail golem
  1890 | D:3      | Noticed riellis1's ghost (amateur FoHu)
  1990 | D:3      | Found a one-way gate to the infinite horrors of the Abyss.
  1991 | D:3      | Found a transporter.
  1997 | D:3      | Found a transporter.
  2004 | D:3      | Noticed a small abomination
  2092 | D:3      | Reached XP level 5. HP: 34/35 MP: 0/0
  2092 | D:3      | Learned a level 2 spell: Lesser Beckoning
  2695 | D:4      | Reached skill level 5 in Spellcasting
  2863 | D:4      | Noticed an ogre
  2872 | D:4      | Killed an ogre
  2873 | D:4      | Reached XP level 6. HP: 4/40 MP: 0/0
  3232 | D:4      | Noticed Grinder
  3244 | D:4      | HP: 2/40 [orc/+0 hand axe (5)]
  3245 | D:4      | Slain by an orc

Illustrated notes

Levels and vault maps discovered:
D:1:      roderic_crop_circles_arrival_small, layout_loops_ring,
          palyth_stone_intersect, corexii_item_surrounded_by_moat
D:2:      layout_basic
D:3:      layout_basic, serial_shops, shop, gammafunk_ghost_abyssal_escape
D:4:      layout_rooms, uniq_grinder

Skill      XL: |  1  2  3  4  5 |
---------------+----------------+-----
Spellcasting   | 4 5 |  5.8
Dodging        | |  2.1
Stealth        | |  1.5

Action                     |  1- 3 |  4- 6 || total
---------------------------+-------+-------++-------
  Melee: Unarmed           |     1 |       ||     1
   Fire: Sling             |       |     7 ||     7
   Cast: Magic Dart        |    97 |    76 ||   173
         Searing Ray       |       |     6 ||     6
    Use: Potion            |       |     1 ||     1
 Armour: Robe              |       |     2 ||     2
         Ring mail         |       |     7 ||     7
  Dodge: Dodged            |     6 |    11 ||    17
  Block: Buckler           |       |     2 ||     2
